 Dungeon Crawl Stone Soup version 0.28.0-53-g5a82cb258f (webtiles) character file.

Game seed: 16544698794434994393

2 Descartes the Sneak (level 1, -3/7 HPs)
             Began as a Felid Wanderer on July 9, 2022.
             Slain by a quokka (4 damage)
             ... on level 1 of the Dungeon.
             The game lasted 00:01:58 (114 turns).

Descartes the Sneak (Felid Wanderer)                 Turns: 114, Time: 00:01:58

Health: -3/7       AC:  1    Str:  5    XL:     1   Next: 33%
Magic:  3/3        EV: 16    Int: 17    God:
Gold:   9          SH:  0    Dex: 14    Spells: 2/2 levels left
                                        Lives:  0   Deaths: 0

rFire   . . .      SeeInvis +   (weapon unavailable)
rCold   . . .      Faith    .   (shield unavailable)
rNeg    . . .      Spirit   .   (armour unavailable)
rPois   .          Reflect  .   (helmet unavailable)
rElec   .          Harm     .   (cloak unavailable)
rCorr   .          Rampage  .   (gloves unavailable)
Will    .....                   (boots unavailable)
Stlth   ++........              (no amulet)
HPRegen 0.02/turn               (no ring)
MPRegen 0.08/turn               (no ring)

@: quick
A: very small, claws 1, fangs 3, see invisible, speed 1, shaggy fur 1, stealthy
paws, no weapons or thrown items, no armour, multi-lived
a: no special abilities


You were on level 1 of the Dungeon.
You visited 1 branch of the dungeon, and saw 1 of its levels.

You collected 9 gold pieces.

Inventory:

Wands
 a - a wand of flame (5) (quivered)


   Skills:
 + Level 1.4 Dodging
 * Level 2.8 Stealth
 + Level 0.0 Unarmed Combat
 - Level 1.0 Spellcasting
 - Level 1.7 Conjurations
 + Level 0.4 Hexes
 - Level 2.0 Necromancy
 + Level 0.1 Translocations
 + Level 0.0 Transmutations
 - Level 2.1 Evocations


You had 2 spell levels left.
You didn't know any spells.
Your spell library contained the following spells:

 Spells                   Type           Power      Damage    Failure   Level
 Animate Skeleton         Necr           14%        N/A       10%         1
 Pain                     Necr           28%        1d5       10%         1
 Magic Dart               Conj           24%        1d4       11%         1
 Dazzling Flash           Conj/Hex       8%         N/A       38%         3
 Animate Dead             Necr           3%         N/A       67%         4


Dungeon Overview and Level Annotations

Branches:
Dungeon (1/15)

Altars:

Shops:
D:1 [


Innate Abilities, Weirdness & Mutations

You have sharp claws.
You have razor-sharp teeth.
You have supernaturally acute eyesight. (SInv)
You cover ground quickly. (Speed+)
You are covered in fur. (AC +1)
Your paws help you pounce on unaware monsters.
You are incapable of wielding weapons or throwing items.
You cannot wear armour.
You gain extra lives every three experience levels.


Message History

The quokka bites you.
Ouch! That really hurt!
* * * LOW HITPOINT WARNING * * *
The quokka closely misses you.
You are too injured to fight recklessly!
You are too injured to fight recklessly!
You are too injured to fight recklessly!
You are too injured to fight recklessly!
You are too injured to fight recklessly!
You are too injured to fight recklessly!
You are too injured to fight recklessly!
You are too injured to fight recklessly!
You are too injured to fight recklessly!
The quokka barely misses you.
You closely miss the quokka. The quokka closely misses you.
You scratch the quokka but do no damage.
Your bite misses the quokka. The quokka closely misses you.
You scratch the quokka. Your bite misses the quokka.
The quokka is moderately wounded.
The quokka misses you.
You miss the quokka.
The quokka is moderately wounded.
The quokka misses you.
You barely miss the quokka.
The quokka is moderately wounded.
The quokka completely misses you. The quokka misses you.
You barely miss the quokka. Your bite misses the quokka.
The quokka is moderately wounded.
The quokka closely misses you.
You closely miss the quokka.
The quokka is moderately wounded.
The quokka closely misses you.
You closely miss the quokka.
The quokka is moderately wounded.
The quokka closely misses you.
You scratch the quokka.
The quokka is severely wounded.
The quokka bites you.
Ouch! That really hurt!
You die...

#...............<........#
#........................#
#.........................
#........#####.....######^
##.......#...#.....#...###
##......#.⌠.#.....#.⌠.##
######.#...#.....#...##
#.#####.....######
#.@r....##########
#########


You could see a quokka.

Vanquished Creatures
  A goblin (D:1)
  A bat (D:1)
  A frilled lizard (D:1)
3 creatures vanquished.

Notes
Turn   | Place    | Note
-------+----------+-------------------------------------------
     0 | D:1      | Descartes the Felid Wanderer began the quest for the Orb.
     0 | D:1      | Descartes set off with the following items: a wand of flame
                  | (5); and the following spells available to memorise:
                  | Animate Skeleton, Pain, Magic Dart, Dazzling Flash, Animate
                  | Dead
     0 | D:1      | Reached XP level 1. HP: 7/7 MP: 3/3
    61 | D:1      | Found Weosouqu's Armour Shoppe.
   114 | D:1      | Slain by a quokka

Illustrated notes

Levels and vault maps discovered:
D:1:      minmay_arrival_glassed_features, layout_rooms, serial_shops,
          nicolae_shop_stone, lemuel_another_geyser

Action                   || total
-------------------------++-------
Melee: Unarmed           ||    14
       Bite              ||     1
Armor: Skin              ||     1
Dodge: Dodged            ||    16
